 Dungeon Crawl Stone Soup version 0.19.0-20-gbc5f0c6 (webtiles) character file.

98 dracos369 the Poker (level 4, -5/35 HPs)
             Began as a Merfolk Chaos Knight on Nov 16, 2016.
             Killed from afar by a white imp (14 damage)
             ... with a puff of frost
             ... summoned by Natasha
             ... on level 2 of the Dungeon.
             The game lasted 00:04:28 (1444 turns).

dracos369 the Poker (Merfolk Chaos Knight)          Turns: 1444, Time: 00:04:29

Health: -5/35      AC:  5    Str: 18    XL:     4   Next: 71%
Magic:  4/4        EV: 12    Int: 11    God:    Xom [..*...]
Gold:   99         SH:  3    Dex: 13    Spells: 0 memorised, 3 levels left

rFire  . . .     SeeInvis .     a - +0 spear (chaos)
rCold  . . .     Gourm    .     b - +2 leather armour
rNeg   . . .     Faith    .     h - +0 buckler
rPois  .         Spirit   .     (no helmet)
rElec  .         Reflect  .     (no cloak)
rCorr  .         Harm     .     (no gloves)
MR     .....                    (no boots)
Stlth  +.........               (no amulet)
                                (no ring)
                                (no ring)

@: mighty
A: change form in water, swift swim, stealthy swim
a: Renounce Religion


You were on level 2 of the Dungeon.
You worshipped Xom.
You were a toy of Xom.
You were not hungry.

You visited 1 branch of the dungeon, and saw 2 of its levels.

You collected 99 gold pieces.

Inventory:

Hand Weapons
 a - a +0 spear of chaos (weapon)
Armour
 b - a +2 leather armour (worn)
 h - a +0 buckler (worn)
Wands
 k - a wand of digging (16/24)
Scrolls
 d - 2 scrolls of teleportation {unknown}
 g - a scroll of magic mapping {unknown}
 i - a scroll of remove curse {unknown}
 l - a scroll of enchant weapon {unknown}
 n - a scroll of recharging {unknown}
Potions
 e - a potion of heal wounds {unknown}
 m - a potion of might
 o - a potion of curing {unknown}
Comestibles
 c - 3 bread rations
 f - a meat ration


   Skills:
 - Level 3.2 Fighting
 + Level 7.7 Polearms
 - Level 0.6 Armour
 - Level 2.6 Dodging


You had 3 spell levels left.
You didn't know any spells.

Dungeon Overview and Level Annotations

Branches:
Dungeon (2/15)

Altars:

Annotations:
D:2 Natasha


Message History

The white imp hits you. The white imp freezes you.
Natasha claws you but does no damage.
You closely miss Natasha.
Natasha is lightly wounded.
The white imp gestures at you. The puff of frost hits you!
Natasha closely misses you.
You hit Natasha.
Natasha is moderately wounded.
You closely miss Natasha.
Natasha is moderately wounded.
The white imp barely misses you.
Natasha stares at you and mumbles some strange words.
The magic dart hits you!
* * * LOW HITPOINT WARNING * * *
It was a potion of might.
You feel very mighty all of a sudden. The white imp gestures at you.
The puff of frost hits you!
You die...
Xom thinks this is hilarious!

#.# #.# #....#.#
#.####.##### #.##.#.#
#.##.......# #.##.#.#
#..........# #.##.#.#
###.##...#...####.##.#.#
........###.......##.#.#
###..#...#..............
#...5.......###.##.#.#
#..#h@......###.##.#.#
#..###.......<..##.#.#
#......###.#######....
##.##### #.# #####
#...........)..#
######.######### #.# #.#
..#


You could see Natasha and a white imp.

Vanquished Creatures
  Natasha (twice) (D:2)
  2 adders (D:2)
  A worm (D:2)
  A dart slug (D:2)
  A giant cockroach (D:2)
  6 goblins
  4 hobgoblins
  2 jackals (D:1)
  5 kobolds
  3 bats (D:1)
  2 rats
29 creatures vanquished.

Notes
Turn   | Place    | Note
-------+----------+-------------------------------------------
     0 | D:1      | dracos369 the Merfolk Chaos Knight began the quest for the Orb.
     0 | D:1      | Reached XP level 1. HP: 18/18 MP: 1/1
    75 | D:1      | Reached skill level 5 in Polearms
    79 | D:1      | Reached XP level 2. HP: 22/24 MP: 2/2
   470 | D:1      | XOM: harmless Fire miscast
   833 | D:2      | Reached skill level 6 in Polearms
   833 | D:2      | Reached XP level 3. HP: 29/29 MP: 3/3
  1132 | D:2      | Noticed Natasha
  1139 | D:2      | Killed Natasha
  1139 | D:2      | Reached skill level 7 in Polearms
  1139 | D:2      | Reached XP level 4. HP: 35/35 MP: 4/4
  1175 | D:2      | Noticed Natasha
  1184 | D:2      | XOM: potion effect (curing)
  1186 | D:2      | Killed Natasha
  1436 | D:2      | Noticed Natasha
  1444 | D:2      | Killed from afar by a white imp

Skill      XL: |  1  2  3 |
---------------+----------+-----
Polearms       | 5 6 7 |  7.7
Fighting       | |  3.2
Armour         | |  0.6
Dodging        | |  2.6

Action                   |  1- 3 |  4- 6 || total
-------------------------+-------+-------++-------
Melee: Spear             |    81 |    19 ||   100
  Use: Potion            |       |     1 ||     1
 Stab: Confused          |     1 |       ||     1
       Petrifying        |     1 |       ||     1
  Eat: Chunk             |     1 |     1 ||     2
Armor: Leather armour    |    14 |     2 ||    16
Dodge: Dodged            |    16 |     6 ||    22
Block: Buckler           |     2 |       ||     2
